 Dungeon Crawl Stone Soup version 0.27-a0-1071-ga85bd9520d (webtiles) character file.

Game seed: 12398846161098253260

2095 1player the Fighter (level 9, -7/83 (84) HPs)
             Began as a Gnoll Wanderer on Apr 24, 2021.
             Was a Plaything of Xom.
             Mangled by a skeletal warrior
             ... wielding a +0 trident
              (8 damage)
             ... on level 7 of the Dungeon.
             The game lasted 00:15:51 (7235 turns).

1player the Fighter (Gnoll Wanderer)                Turns: 7235, Time: 00:15:51

HP:   -7/83 (84)    AC: 18    Str: 12    XL:     9   Next: 27%
MP:   15/15         EV: 12    Int: 17    God:    Xom [......]
Gold: 265           SH:  0    Dex: 15    Spells: 15/16 levels left

rFire    + . .     SeeInvis .   b - +1 rapier (protect)
rCold    . . .     Faith    .   (no shield)
rNeg     . . .     Spirit   .   A - +1 ring mail {rF+}
rPois    .         Reflect  .   v - +0 helmet
rElec    .         Harm     .   (no cloak)
rCorr    .         Rampage  .   s - +0 pair of gloves
Will     ++...                  (no boots)
Stlth    +++.......             (no amulet)
HPRegen  0.23/turn              o - ring of willpower
MPRegen  0.14/turn              z - +6 ring of intelligence

@: under a protective aura, on berserk cooldown, slowed, lightly drained, very
slow
A: fangs 1, strong nose, distributed training, iridescent scales 1,
deterioration 1, strong-willed 1, screaming 1
a: Renounce Religion


You were on level 7 of the Dungeon.
You worshipped Xom.
You were a very special plaything of Xom.
You visited 1 branch of the dungeon, and saw 7 of its levels.

You collected 265 gold pieces.

Inventory:

Hand Weapons
 a - a +2 hand crossbow of venom
 b - a +1 rapier of protection (weapon)
Missiles
 f - 103 bolts
Armour
 s - a +0 pair of gloves (worn)
 v - a +0 helmet (worn)
 A - a +1 ring mail of fire resistance (worn)
 K - a +0 scale mail
Jewellery
 o - a ring of willpower (left hand)
 q - a ring of positive energy
 w - a ring of fire
 z - a +6 ring of intelligence (right hand)
 E - a ring of ice
 J - a ring of protection from cold
Wands
 H - a wand of iceblast (8)
 I - a wand of acid (3)
Scrolls
 n - 2 scrolls of magic mapping {unknown}
 C - a scroll of blinking {unknown}
 D - a scroll of teleportation {unknown}
 F - a scroll of brand weapon
Potions
 c - a potion of lignification
 d - a potion of curing {@q1}
 l - a potion of brilliance {unknown}
 m - a potion of resistance
 r - a potion of heal wounds {@q2}
 t - a potion of cancellation {unknown}
 x - a potion of ambrosia {unknown}


   Skills:
 + Level 12.6 Fighting
 + Level 4.1 Short Blades
 + Level 4.1 Long Blades
 + Level 4.1 Axes
 + Level 4.1 Maces & Flails
 + Level 4.1 Polearms
 + Level 4.1 Staves
 + Level 4.1 Slings
 + Level 4.1 Bows
 + Level 4.9 Crossbows
 + Level 4.1 Throwing
 + Level 4.9 Armour
 + Level 4.1 Dodging
 + Level 5.9 Stealth
 + Level 4.1 Shields
 + Level 4.1 Unarmed Combat
 + Level 4.1 Spellcasting
 + Level 3.3 Conjurations
 + Level 3.3 Hexes
 + Level 3.3 Summonings
 + Level 3.3 Necromancy
 + Level 3.3 Translocations
 + Level 3.3 Transmutations
 + Level 3.3 Fire Magic
 + Level 3.3 Ice Magic
 + Level 3.3 Air Magic
 + Level 3.3 Earth Magic
 + Level 3.3 Poison Magic
 + Level 4.5 Invocations
 + Level 4.1 Evocations


You had 15 spell levels left.
You knew the following spells:

 Your Spells              Type           Power      Damage    Failure   Level
z - Freeze                Ice            56%        1d7       9%          1

Your spell library contained the following spells:

 Spells                   Type           Power      Damage    Failure   Level
 Shock                    Conj/Air       56%        1d6       9%          1
 Static Discharge         Conj/Air       14%        N/A       13%         2
 Frozen Ramparts          Ice            28%        1d4       26%         3
 Lesser Beckoning         Tloc           7%         N/A       26%         3
 Mephitic Cloud           Conj/Pois/Air  14%        N/A       26%         3
 Ozocubu's Armour         Ice            14%        N/A       26%         3
 Swiftness                Air            14%        N/A       26%         3
 Airstrike                Air            7%         N/A       63%         4
 Hailstorm                Conj/Ice       14%        3d5       63%         4
 Alistair's Intoxication  Tmut/Pois      9%         N/A       93%         5
 Lightning Bolt           Conj/Air       7%         1d19      93%         5
 Metabolic Englaciation   Hex/Ice        7%         N/A       93%         5
 Summon Forest            Summ/Tloc      7%         N/A       93%         5


Dungeon Overview and Level Annotations

Branches:
Dungeon (7/15)
 Temple: D:4-7

Altars:
Cheibriados
Okawaru
Qazlal
Uskayaw
Xom
Zin
The Shining One

Annotations:
D:4 Ijyb
D:5 2 transporters


Innate Abilities, Weirdness & Mutations

You have very sharp teeth.
Your uncanny sense of smell can sniff out nearby items.
Your experience applies equally to all skills.
You are partially covered in iridescent scales. (AC +2)
Your body sometimes deteriorates upon taking damage.
You are strong-willed. (Will+)
You occasionally shout uncontrollably at your foes.


Message History

Something hits you but does no damage.
The skeletal warrior hits you from afar with a +0 trident.
Unknown command.
You puncture the necrophage!
The necrophage is moderately damaged.
The necrophage hits you but does no damage.
Something hits you but does no damage. The skeletal warrior barely misses you.
A centaur comes into view.
The necrophage misses you. Something hits you but does no damage.
You closely miss the necrophage.
The necrophage is moderately damaged.
Xom smirks.
You detect creatures!
You are now a very special plaything of Xom.
The skeletal warrior hits you from afar with a +0 trident!
The necrophage closely misses you. Something hits you. Something shocks you.
* * * LOW HITPOINT WARNING * * *
The skeletal warrior hits you but does no damage.
You puncture the necrophage! You bite the necrophage.
The necrophage is severely damaged.
The necrophage hits you but does no damage.
A sky beast appears from thin air!
Reactivating autopickup.
The sky beast completely misses you.
The skeletal warrior hits you from afar with a +0 trident.
* * * LOW HITPOINT WARNING * * *
The necrophage hits you but does no damage.
The sky beast closely misses you.
You hit the sky beast.
The sky beast is moderately wounded.
The skeletal warrior hits you from afar with a +0 trident!
* * * LOW HITPOINT WARNING * * *
The necrophage misses you. The sky beast closely misses you.
The skeletal warrior hits you from afar with a +0 trident!
You die...
Xom chuckles heartily!

##.## . ∆ #...##.#
## .###.#.# . .
∆#..# ∆ .# ##.#.# .#
##D##.# ..# ##.####.
#..# ....[.##.#
##...# .##....##..
##@..#
.#####..###.###nY..#
.>## #.....(O.zS####
..?###u#######c##
....##.### #.#
....(...D#####.#
........5.D....#
....H....#######
...#.....#


You could see a skeletal warrior, a water moccasin, a sky beast, a necrophage
and a centaur.

Vanquished Creatures
  A water moccasin (D:6)
  An orc warrior (D:4)
  2 ice beasts
  4 ogres
  A phantom (D:5)
  A bullfrog (D:6)
  3 scorpions (D:4)
  2 water moccasin zombies
  A water moccasin skeleton (D:5)
  3 wights (D:6)
  2 howler monkeys (D:5)
  A centaur zombie (D:5)
  2 hounds
  A bullfrog skeleton (D:6)
  2 iguanas
  5 orc wizards (D:4)
  Terence (D:3)
  Robin (D:4)
  3 gnolls (D:6)
  A howler monkey skeleton (D:5)
  3 adders
  A worm (D:3)
  2 dart slugs (D:2)
  13 orcs
  5 bats
  7 endoplasms
  3 giant cockroaches
  10 goblins
  10 hobgoblins
  2 jackals (D:4)
  5 kobolds
  2 quokkas
  5 ball pythons
  5 frilled lizards
  5 rats
116 creatures vanquished.

Vanquished Creatures (collateral kills)
  An ogre (D:6)
  A phantom (D:4)
  A bullfrog (D:7)
  A scorpion (D:6)
  A water moccasin zombie (D:5)
  An orc priest (D:5)
  A bullfrog skeleton (D:5)
  A killer bee zombie (D:5)
  A hound zombie (D:5)
  An adder (D:6)
  3 orcs (D:4)
  2 goblins (D:4)
  4 jackals (D:4)
19 creatures vanquished.

Vanquished Creatures (others)
  21 plants (D:4)
  11 withered plants
32 creatures vanquished.

Grand Total: 167 creatures vanquished

Notes
Turn   | Place    | Note
-------+----------+-------------------------------------------
     0 | D:1      | Reached skill level 12 in Fighting
     0 | D:1      | 1player the Gnoll Wanderer began the quest for the Orb.
     0 | D:1      | 1player set off with the following items: a +2 hand
                  | crossbow, 22 bolts, a potion of lignification, a potion of
                  | curing {@q1}, a +0 robe, a +0 dagger
     0 | D:1      | Reached XP level 1. HP: 31/31 MP: 1/1
    52 | D:1      | Identified the Papyrus of Cankerous Dislocation
   288 | D:1      | Found a faded altar of an unknown god.
   318 | D:1      | Became a worshipper of Xom of Chaos
   391 | D:1      | Reached XP level 2. HP: 38/38 MP: 2/2
   716 | D:1      | Reached XP level 3. HP: 44/44 MP: 3/3
   802 | D:2      | XOM: silly message
  1113 | D:2      | Reached skill level 1 in Invocations
  1151 | D:2      | XOM: 10-stop teleportation journey
  1241 | D:2      | Reached skill level 1 in Short Blades
  1241 | D:2      | Reached skill level 1 in Long Blades
  1241 | D:2      | Reached skill level 1 in Axes
  1241 | D:2      | Reached skill level 1 in Maces & Flails
  1241 | D:2      | Reached skill level 1 in Polearms
  1241 | D:2      | Reached skill level 1 in Staves
  1241 | D:2      | Reached skill level 1 in Slings
  1241 | D:2      | Reached skill level 1 in Bows
  1241 | D:2      | Reached skill level 1 in Throwing
  1241 | D:2      | Reached skill level 1 in Dodging
  1241 | D:2      | Reached skill level 1 in Shields
  1241 | D:2      | Reached skill level 1 in Unarmed Combat
  1241 | D:2      | Reached skill level 1 in Spellcasting
  1241 | D:2      | Reached skill level 1 in Evocations
  1273 | D:2      | Reached XP level 4. HP: 51/51 MP: 5/5
  1522 | D:3      | Noticed Terence
  1525 | D:3      | Killed Terence
  1674 | D:3      | Reached skill level 1 in Conjurations
  1674 | D:3      | Reached skill level 1 in Hexes
  1674 | D:3      | Reached skill level 1 in Summonings
  1674 | D:3      | Reached skill level 1 in Necromancy
  1674 | D:3      | Reached skill level 1 in Translocations
  1674 | D:3      | Reached skill level 1 in Transmutations
  1674 | D:3      | Reached skill level 1 in Fire Magic
  1674 | D:3      | Reached skill level 1 in Ice Magic
  1674 | D:3      | Reached skill level 1 in Air Magic
  1674 | D:3      | Reached skill level 1 in Earth Magic
  1674 | D:3      | Reached skill level 1 in Poison Magic
  1875 | D:3      | XOM: smoke on damage
  2284 | D:4      | Noticed a phantom
  2333 | D:4      | Reached XP level 5. HP: 57/57 MP: 5/7
  2624 | D:4      | XOM: silly message
  2652 | D:4      | Found a hide-covered altar of Uskayaw.
  2653 | D:4      | Found a stormy altar of Qazlal.
  2653 | D:4      | Found a snail-covered altar of Cheibriados.
  2654 | D:4      | Found a glowing silver altar of Zin.
  2654 | D:4      | Found a glowing golden altar of the Shining One.
  2673 | D:4      | Reached XP level 6. HP: 39/64 MP: 8/8
  2939 | D:4      | XOM: give mutations
  2939 | D:4      | Gained mutation: You occasionally shout uncontrollably at
                  | your foes. [Xom's mischief]
  3172 | D:4      | Noticed an orc warrior
  3195 | D:4      | Learned a level 1 spell: Freeze
  3227 | D:4      | Killed an orc warrior
  3228 | D:4      | Reached XP level 7. HP: 70/70 MP: 10/10
  3471 | D:4      | Noticed Robin
  3515 | D:4      | Killed Robin
  3835 | D:4      | Noticed Ijyb
  4089 | D:5      | Entered Level 5 of the Dungeon
  4089 | D:5      | Found an iron altar of Okawaru.
  4341 | D:5      | Found a transporter.
  4343 | D:5      | XOM is BORED!
  4343 | D:5      | XOM: stat loss: -1 Int (10/11)
  4393 | D:5      | XOM: swap monsters
  4407 | D:5      | Reached skill level 5 in Stealth
  4623 | D:5      | XOM: 1-stop teleportation journey
  4775 | D:5      | XOM: polymorph orc priest -> howler monkey
  4782 | D:5      | XOM: enchant monster (bad)
  4805 | D:5      | XOM: summons friendly white imp
  5110 | D:5      | Reached XP level 8. HP: 77/77 MP: 12/12
  5275 | D:5      | Found a transporter.
  5303 | D:5      | XOM: 1-stop teleportation journey
  5315 | D:5      | XOM: fake destruction
  5342 | D:5      | XOM: summons 8 friendly demons
  5559 | D:5      | XOM: give mutation
  5559 | D:5      | Gained mutation: You frequently scream uncontrollably at
                  | your foes. [Xom's mischief]
  5795 | D:5      | Found a shimmering altar of Xom.
  5848 | D:6      | XOM: stealth player
  5905 | D:6      | XOM: swap monsters
  6054 | D:6      | XOM: god gift: 13 stones
  6077 | D:6      | XOM: divination: detect items
  6082 | D:6      | HP: 2/78 [acid (15)]
  6083 | D:6      | XOM: scenery: summon butterflies
  6103 | D:6      | HP: 1/78 [ogre/+0 giant club (5)]
  6107 | D:6      | XOM: summons friendly ufetubus
  6312 | D:6      | XOM: 1-stop teleportation journey
  6319 | D:6      | Reached XP level 9. HP: 51/83 MP: 14/14
  6396 | D:6      | XOM: god gift: wand of iceblast (8)
  6550 | D:6      | XOM is BORED!
  6550 | D:6      | XOM: give mutations
  6550 | D:6      | Gained mutation: You are strong-willed. (Will+) [Xom's
                  | mischief]
  6550 | D:6      | Lost mutation: You frequently scream uncontrollably at your
                  | foes. [Xom's mischief]
  6550 | D:6      | Gained mutation: Your body sometimes deteriorates upon
                  | taking damage. [Xom's mischief]
  6550 | D:6      | Gained mutation: You are partially covered in iridescent
                  | scales. (AC +2) [Xom's mischief]
  6577 | D:6      | XOM: divination: detect items
  6731 | D:6      | XOM: fake destruction
  6983 | D:6      | XOM: fog
  7097 | D:6      | XOM: god gift: scale mail {god gift}
  7194 | D:7      | XOM: 2-stop teleportation journey
  7196 | D:7      | Noticed a purple ugly thing
  7196 | D:7      | Noticed a four-headed hydra
  7196 | D:7      | Noticed a seven-headed hydra
  7196 | D:7      | Noticed a skeletal warrior
  7196 | D:7      | Noticed a manticore
  7196 | D:7      | Noticed a two-headed ogre
  7203 | D:7      | XOM: summons friendly shadow imp
  7205 | D:7      | XOM: divination: detect items
  7215 | D:7      | XOM: summons 6 friendly demons
  7216 | D:7      | XOM: blink monster(s)
  7220 | D:7      | XOM: potion effect (berserk rage)
  7233 | D:7      | XOM: divination: detect creatures
  7235 | D:7      | HP: 1/83 [skeletal warrior/+0 trident (16)]
  7235 | D:7      | Mangled by a skeletal warrior

Illustrated notes

Levels and vault maps discovered:
D:1:      minmay_arrival_widening_spiral_narrow, layout_rooms,
          shapermc_ecumenical_altar_flowoftime, minmay_misc_feat_encased
D:2:      layout_rooms, minmay_misc_feat_iff, minmay_diced_spiral
D:3:      layout_loops_ring, mrwooster_statue_mirror, minmay_door_square,
          uniq_terence
D:4:      layout_loops_ring, grunt_temple_overflow_open, serial_bayou_lake_a,
          uniq_robin, uniq_ijyb
D:5:      gammafunk_wand_slinger, layout_basic, lemuel_doored_altar,
          okawaru_metal_pillars_1_2, serial_undead, serial_undead_e,
          serial_undead_b, serial_undead_d, serial_undead_e
D:6:      layout_loops_ring
D:7:      minmay_the_grid_octo_tiled_octocenter
          [minmay_the_grid_octo_checkerflower, minmay_the_grid_octo_clover_2,
          minmay_the_grid_octo_thin_diamonds,
          minmay_the_grid_octo_vomiting_pacman,
          minmay_the_grid_octo_prize_ultimate_mussel_roller,
          minmay_the_grid_square_5x5_hourglass, minmay_the_grid_square_5x5_plus,
          minmay_the_grid_square_5x5_n_small,
          minmay_the_grid_square_5x5_spiral_small], layout_loops_ring,
          minmay_temple_entry_stoned_glass, kennysheep_diamond

Skill      XL: |  1  2  3  4  5  6  7  8  9 |
---------------+----------------------------+-----
Fighting       | | 12.6
Invocations    | 1 2 3 4 |  4.5
Short Blades   | 1 2 3 4 |  4.1
Long Blades    | 1 2 3 4 |  4.1
Axes           | 1 2 3 4 |  4.1
Maces & Flails | 1 2 3 4 |  4.1
Polearms       | 1 2 3 4 |  4.1
Staves         | 1 2 3 4 |  4.1
Slings         | 1 2 3 4 |  4.1
Bows           | 1 2 3 4 |  4.1
Throwing       | 1 2 3 4 |  4.1
Dodging        | 1 2 3 4 |  4.1
Shields        | 1 2 3 4 |  4.1
Unarmed Combat | 1 2 3 4 |  4.1
Spellcasting   | 1 2 3 4 |  4.1
Evocations     | 1 2 3 4 |  4.1
Conjurations   | 1 2 3 |  3.3
Hexes          | 1 2 3 |  3.3
Summonings     | 1 2 3 |  3.3
Necromancy     | 1 2 3 |  3.3
Translocations | 1 2 3 |  3.3
Transmutations | 1 2 3 |  3.3
Fire Magic     | 1 2 3 |  3.3
Ice Magic      | 1 2 3 |  3.3
Air Magic      | 1 2 3 |  3.3
Earth Magic    | 1 2 3 |  3.3
Poison Magic   | 1 2 3 |  3.3
Crossbows      | 3 4 |  4.9
Armour         | 3 4 |  4.9
Stealth        | 5 |  5.9

Action                   |  1- 3 |  4- 6 |  7- 9 || total
-------------------------+-------+-------+-------++-------
Melee: Dagger            |    43 |    64 |   185 ||   292
       Bite              |     1 |     7 |    21 ||    29
       Punch             |       |     1 |     4 ||     5
       Rapier            |       |       |    81 ||    81
 Fire: Hand crossbow     |    65 |    67 |    82 ||   214
 Cast: Freeze            |       |       |     7 ||     7
  Use: Scroll            |       |     3 |     3 ||     6
       Potion            |       |     2 |     2 ||     4
 Stab: Confused          |       |       |     1 ||     1
Armor: Robe              |     4 |       |       ||     4
       Leather armour    |       |    10 |       ||    10
       Ring mail         |       |       |   140 ||   140
Dodge: Dodged            |     9 |    32 |   173 ||   214

Table legend: (Time is in decaauts)
 A = Elapsed time spent in this place.
 B = Non-inter-level travel time spent in this place.
 C = Inter-level travel time spent in this place.
 D = Time resting spent in this place.
 E = Time spent auto-exploring this place.
 F = Levels seen in this place.
 G = Mean time per level.
                   A        B        C        D        E       F      G
               +--------+--------+--------+--------+--------+-----+--------+
         Total |   7286 |   7041 |    245 |   1266 |   4070 |   7 | 1040.9 |
       Dungeon |   7286 |   7041 |    245 |   1266 |   4070 |   7 | 1040.9 |
               +--------+--------+--------+--------+--------+-----+--------+

Top non-repeatable levels by time:
     D:4: 2020 daAuts
     D:5: 1489 daAuts
     D:6: 1265 daAuts
     D:3: 913 daAuts
     D:1: 760 daAuts
     D:2: 717 daAuts
     D:7: 120 daAuts
